 Dungeon Crawl Stone Soup version 0.29.1-1-gd02db6906a (webtiles) character file.

Game seed: 5744907457463882036

49 MajorAdolf the Trooper (level 3, -1/34 HPs)
             Began as a Naga Wanderer on Oct 8, 2022.
             Slain by a goblin
             ... wielding a +0 dagger
             ... led by Robin
              (3 damage)
             ... on level 2 of the Dungeon.
             The game lasted 00:01:27 (1275 turns).

MajorAdolf the Trooper (Naga Wanderer)              Turns: 1275, Time: 00:01:27

Health: -1/34      AC:  3    Str: 13    XL:     3   Next: 77%
Magic:  6/6        EV: 10    Int: 12    God:
Gold:   17         SH:  0    Dex: 13    Spells: 5/6 levels left

rFire   . . .      SeeInvis +   k - +4 war axe
rCold   . . .      Faith    .   (no shield)
rNeg    . . .      Spirit   .   d - +0 robe
rPois   +          Reflect  .   (no helmet)
rElec   .          Harm     .   (no cloak)
rCorr   .          Rampage  .   b - +0 pair of gloves
Will    .....                   (no barding)
Stlth   ++........              (no amulet)
HPRegen 0.11/turn               (no ring)
MPRegen 0.10/turn               (no ring)

@: very slow
A: AC +1, large, see invisible, deformed body, poison resistance, slowness 2,
spit poison 1, naga tail 1
a: Spit Poison


You were on level 2 of the Dungeon.
You visited 1 branch of the dungeon, and saw 2 of its levels.

You collected 17 gold pieces.

Inventory:

Hand Weapons
 a - a +2 short sword
 e - a +2 short sword of venom
 g - a +0 dagger of venom
 k - a +4 war axe (weapon)
Armour
 b - a +0 pair of gloves (worn)
 d - a +0 robe (worn)
Scrolls
 f - a scroll of blinking {unknown}
 h - a scroll of magic mapping {unknown}
Potions
 c - a potion of invisibility
 i - a potion of flight {unknown}
 j - a potion of curing


   Skills:
 + Level 3.2 Fighting
 - Level 2.0 Short Blades
 + Level 0.0 Axes
 - Level 2.4 Dodging
 - Level 1.5 Stealth
 - Level 2.0 Spellcasting
 - Level 2.0 Translocations


You had 5 spell levels left.
You knew the following spells:

 Your Spells              Type           Power      Damage    Failure   Level
a - Apportation           Tloc           12%        N/A       12%         1

Your spell library contained the following spells:

 Spells                   Type           Power      Damage    Failure   Level
 Portal Projectile        Hex/Tloc       6%         N/A       47%         3


Dungeon Overview and Level Annotations

Branches:
Dungeon (2/15)

Altars:

Annotations:
D:2 Sigmund


Innate Abilities, Weirdness & Mutations

Your serpentine skin is tough. (AC +1)
You have supernaturally acute eyesight. (SInv)
Armour fits poorly on your strangely shaped body.
Your system is resistant to poisons. (rPois)
You cover ground very slowly.
You can spit poison.
You have a snake-like lower body.


Message History

The hobgoblin shouts!
You hear a shout! x5
A goblin comes into view. It is wielding a +0 dagger.
A hobgoblin comes into view.
You hear a shout!
There are monsters nearby!
The hobgoblin hits you but does no damage.
Sigmund shouts!
Sigmund gestures wildly while chanting.
Sigmund flickers and vanishes for a moment.
The hobgoblin attacks as you move away! The hobgoblin barely misses you.
The hobgoblin hits you.
A quokka comes into view.
The hobgoblin hits you but does no damage.
Sigmund hits you from afar with a +0 scythe!
The hobgoblin closely misses you. The hobgoblin attacks as you move away!
The hobgoblin hits you but does no damage.
Sigmund screams, "Don't try to resist!"
The hobgoblin attacks as you move away!
The hobgoblin hits you but does no damage.
The hobgoblin hits you. The hobgoblin attacks as you move away!
The hobgoblin barely misses you.
Sigmund hits you from afar with a +0 scythe.
The hobgoblin hits you.
Sigmund says, "Your kind have come here before.
I understand now why.
You desire death..."
Sigmund hits you from afar with a +0 scythe!
* * * LOW HITPOINT WARNING * * *
The hobgoblin closely misses you. The goblin hits you but does no damage.
Unknown command.
The goblin attacks as you move away! The goblin hits you with a +0 dagger.
* * * LOW HITPOINT WARNING * * *
The goblin attacks as you move away! The goblin hits you with a +0 dagger.
* * * LOW HITPOINT WARNING * * *
The goblin hits you with a +0 dagger.
* * * LOW HITPOINT WARNING * * *
There is a stone staircase leading up here.
Okay, then.
The goblin hits you with a +0 dagger.
You die...

#.#.############.....<......<..
#.#.#.........##.....####.#.#.#
###...#.........####...####.#...#
.....##.............[.....#.#.###
####.............#..##.##.#.##.>.
##......................#.#......
##......######......#####.####...
........######.#....## ##.#######
............g@.g@....###.........
........#...###g.....##..........
##......#...# #.......#..........
####...#...# ##..#†###..........
###.#...# #..#.###..........
#.#...# ####..............
###.#...# #####..........
#.......# #.###...... #.......#
#..........


You could see Sigmund (invisible), 2 hobgoblins and a goblin.

Vanquished Creatures
  2 adders (D:2)
  A dart slug (D:1)
  2 endoplasms (D:2)
  A giant cockroach (D:2)
  2 goblins
  2 hobgoblins (D:1)
  6 jackals (D:1)
  3 ball pythons
  4 bats
  A frilled lizard (D:1)
  2 kobolds
  A rat (D:1)
27 creatures vanquished.

Notes
Turn   | Place    | Note
-------+----------+-------------------------------------------
     0 | D:1      | MajorAdolf the Naga Wanderer began the quest for the Orb.
     0 | D:1      | MajorAdolf set off with the following items: a +2 short
                  | sword, a +0 pair of gloves, a potion of invisibility, a +0
                  | robe; and the following spell memorised: Apportation; and
                  | the following spells available to memorise: Portal
                  | Projectile.
     0 | D:1      | Reached XP level 1. HP: 15/15 MP: 3/3
    28 | D:1      | Reached skill level 1 in Fighting
    65 | D:1      | Reached XP level 2. HP: 9/25 MP: 5/5
   310 | D:1      | Reached skill level 2 in Fighting
   613 | D:1      | You fall into a shaft and drop 1 floor!
   675 | D:2      | Reached XP level 3. HP: 31/33 MP: 6/6
   814 | D:2      | Reached skill level 3 in Fighting
  1254 | D:2      | Noticed Sigmund
  1275 | D:2      | Slain by a goblin

Illustrated notes

Levels and vault maps discovered:
D:1:      dpeg_arrival_boxorama, layout_basic,
          dreamdust_ecumenical_altar_hidden_monk_grotto, minmay_misc_feat_roman,
          minmay_fountain_box
D:2:      layout_basic, basic_altar, uniq_robin, uniq_sigmund

Skill      XL: |  1  2  3 |
---------------+----------+-----
Fighting       | 1 2 3 |  3.2
Short Blades   | |  2.0
Dodging        | |  2.4
Stealth        | |  1.5
Spellcasting   | |  2.0
Translocations | |  2.0

Action                   || total
-------------------------++-------
Melee: Short sword       ||    81
       Punch             ||     2
 Abil: Spit Poison       ||     2
  Use: Potion            ||     1
 Stab: Sleeping          ||     1
Armor: Robe              ||    42
Dodge: Dodged            ||    54
